AoeStats
← NutellaBreakfast

MegaRandom

504705207Analyzed
1v1 RM · 27d ago on Sep 6, 2026· 45m 24s· 2 players
Game mode
Random Map
Map size
Tiny (2 player)
Population
200
Speed
Normal
Resources
Standard
Victory
Conquest
Starting age
Dark Age
Ending age
Imperial Age
RankedLock teamsTeams togetherTeam positionsShared explorationLock speedFull tech treeHidden civsTurbo modeCheats
Victory
Defeat
🇩🇪 Vietnamese · Germany
1220
+16
🇫🇷 Vietnamese · France
1225
-16
NutellaBreakfast
0:32 Loom
9:49 Feudal Age
11:18 Double-Bit Axe
15:33 Castle Age
14:33 Horse Collar
16:05 Fletching
18:04 Bow Saw
17:57 Heavy Plow
21:06 Gold Mining
22:22 Bodkin Arrow
27:31 Padded Archer Armor
28:23 Ballistics
30:33 Leather Archer Armor
31:14 Wheelbarrow
32:58 Hand Cart
32:29 Town Watch
35:36 Bloodlines
36:11 Scale Barding Armor
36:17 Forging
39:39 Imperial Age
39:17 Chain Barding Armor
39:32 Iron Casting
39:45 Husbandry
41:22 Chemistry
43:30 Hoardings
43:09 Elite Rattan Archer
44:57 Bracer
45:29 Ring Archer Armor
45:35 Plate Barding Armor
46:25 Crop Rotation
popin
0:30 Loom
10:14 Feudal Age
15:12 Castle Age
14:54 Double-Bit Axe
16:37 Bow Saw
20:05 Fletching
20:03 Crossbowman
24:33 Fishing Lines
24:45 Elite Skirmisher
26:19 Gillnets
28:00 Bodkin Arrow
32:43 Imperial Age
31:23 Scale Barding Armor
32:19 Ballistics
34:35 Chemistry
38:26 Husbandry
39:09 Horse Collar
Connection lost

Rejoining the realm…

Still unreachable

The connection could not be restored.

Session expired

The server has moved on; the page needs a fresh start.